[Event "ICC Open 2015"]
[Site "Internet Chess Club"]
[Date "2015.05.29"]
[Round "9"]
[White "MadMad"]
[Black "Theunrock"]
[Result "1-0"]
[ICCResult "Black resigns"]
[WhiteElo "1373"]
[BlackElo "1896"]
[Opening "QGD: Albin counter-gambit"]
[ECO "D08"]
[NIC "QG.02"]
[Time "21:06:04"]
[TimeControl "180+0"]

1. d4 d5 2. c4 e5 3. dxe5 d4 4. g3 Nc6 5. Bg2 Bf5 6. Nf3 Qd7 7. O-O O-O-O 8.
Bg5 Be7 9. Bxe7 Ngxe7 10. Nbd2 Ng6 11. Qa4 Kb8 12. b3 Ngxe5 13. Rad1 Rhe8
14. Nxe5 Nxe5 15. Qxd7 Rxd7 16. Nf3 d3 17. Nxe5 Rxe5 18. exd3 Rxd3 19. Rxd3
Bxd3 20. Rd1 Bf5 21. Rd8+ Bc8 22. Bh3 f5 23. f4 Ra5 24. a4 g6 25. b4 Rxa4
26. g4 c6 27. gxf5 Kc7 28. Rh8 Rxb4 29. Rxh7+ Kb6 30. fxg6 Bxh3 31. Rxh3
Rb1+ 32. Kf2 Rd1 33. g7 Rd8 34. Rh8 {Black resigns} 1-0

[Event "ICC Open 2015"]
[Site "Internet Chess Club"]
[Date "2015.05.29"]
[Round "9"]
[White "rookfish"]
[Black "manta2"]
[Result "0-1"]
[ICCResult "White checkmated"]
[WhiteElo "1065"]
[BlackElo "1268"]
[Opening "Sicilian defense"]
[ECO "B40"]
[NIC "SI.43"]
[Time "21:05:30"]
[TimeControl "180+0"]

1. e4 c5 2. Nf3 e6 3. Bc4 a6 4. d3 b5 5. Bb3 Bb7 6. O-O d5 7. Nbd2 c4 8.
dxc4 dxc4 9. Nxc4 bxc4 10. Bxc4 Qxd1 11. Rxd1 Bxe4 12. Bf4 Nf6 13. Bc7 Nc6
14. Ng5 Bxc2 15. Rd2 Ba4 16. Bxe6 fxe6 17. Nxe6 Ne4 18. Re2 Nf6 19. Nxg7+
Kf7 20. Nf5 Bc5 21. b3 Bb5 22. Rc2 Bd4 23. Rd1 Rae8 24. h3 Be5 25. a4 Be2
26. Rdd2 Bf4 27. Rxe2 Rxe2 28. Rxc6 Re1# {White checkmated} 0-1

[Event "ICC Open 2015"]
[Site "Internet Chess Club"]
[Date "2015.05.29"]
[Round "9"]
[White "olimpioMD"]
[Black "Autenticman"]
[Result "0-1"]
[ICCResult "White resigns"]
[WhiteElo "1407"]
[BlackElo "1812"]
[Opening "King's Indian defense, 3.Nc3"]
[ECO "E61"]
[NIC "KI.80"]
[Time "21:06:07"]
[TimeControl "180+0"]

1. d4 Nf6 2. c4 g6 3. Nc3 Bg7 4. Qc2 O-O 5. e4 d6 6. Nf3 Re8 7. Bd3 e5 8.
Bg5 Nbd7 9. O-O b6 10. a3 Bb7 11. d5 Nc5 12. Be2 Qd7 13. Bxf6 Bxf6 14. b4
Na6 15. b5 Nc5 16. Na4 a6 17. Nxc5 bxc5 18. a4 axb5 19. axb5 Bg7 20. Ra2
Rxa2 21. Qxa2 Ra8 22. Qb2 Qc8 23. Ra1 Rxa1+ 24. Qxa1 Qa8 25. Qxa8+ Bxa8 26.
h4 Bh6 27. Bd3 Bc1 28. g4 Bb7 29. Kg2 Bc8 30. Nh2 Bf4 31. f3 Kg7 32. Nf1 h5
33. g5 f6 34. gxf6+ Kxf6 35. Nh2 g5 36. Nf1 g4 37. fxg4 Bxg4 38. Nh2 Bd1 39.
Nf3 Bc1 40. Kg3 Kg6 41. Kg2 Bb3 42. Kg3 Bf4+ 43. Kg2 Kf6 44. Kh3 Kg6 45. Kg2
Bd1 46. Kf2 Kf6 47. Kg2 Be3 48. Kg3 Bf4+ 49. Kg2 Be3 50. Kg3 Kg6 51. Kg2 Kf7
52. Kg3 Ke8 53. Kg2 Kd7 54. Kg3 Ba4 55. Kg2 Bf4 56. Kh3 Bd1 57. Kg2 Ke7 58.
Kf2 Kf7 59. Kg2 Be3 60. Kg3 Kf6 61. Kg2 Bf4 62. Kf2 Kg6 63. Kg2 Kf7 64. Kf2
Ke7 65. Kg2 Kd8 66. Kf2 Kc8 67. Kg2 Kb7 68. Kf2 Kb6 69. Kg2 Ka5 70. Kf2 Kb4
71. Ke1 Bxf3 72. Be2 Bxe2 73. Kxe2 Kxc4 74. Kf3 Kxb5 75. Ke2 c4 76. Kd1 Kc5
{White resigns}
0-1

[Event "ICC Open 2015"]
[Site "Internet Chess Club"]
[Date "2015.05.29"]
[Round "9"]
[White "Zigfrid"]
[Black "DarkThrone"]
[Result "1-0"]
[ICCResult "Black resigns"]
[WhiteElo "3061"]
[BlackElo "2423"]
[Opening "Queen's pawn game"]
[ECO "D00"]
[NIC "QP.08"]
[Time "21:06:06"]
[TimeControl "180+0"]

1. d4 d5 2. c3 c5 3. Nf3 Nc6 4. e3 Nf6 5. dxc5 e5 6. b4 e4 7. Nd4 a5 8. Bb2
Bd7 9. Nd2 Be7 10. Be2 O-O 11. O-O Qc7 12. h3 Ne5 13. a3 g5 14. c4 g4 15.
cxd5 Nxd5 16. hxg4 Nf6 17. g5 Nfg4 18. Nxe4 Rad8 19. g3 Bc6 20. Nd6 f5 21.
Ne6 Qd7 22. Nxf8 Rxf8 23. Qb3+ Kg7 24. f4 Bxd6 25. cxd6 Qe8 26. Bxg4 fxg4
27. Bxe5+ Kg6 28. Qd3+ Rf5 29. e4 Rf8 30. f5+ Kf7 31. Qc4+ {Black resigns}
1-0

[Event "ICC Open 2015"]
[Site "Internet Chess Club"]
[Date "2015.05.29"]
[Round "9"]
[White "HardAsfalt"]
[Black "HPG1947"]
[Result "1-0"]
[ICCResult "Black forfeits on time"]
[WhiteElo "1716"]
[BlackElo "1716"]
[Opening "Van't Kruijs opening"]
[ECO "A00"]
[Time "21:05:46"]
[TimeControl "180+0"]

1. e3 d6 2. f4 Nd7 3. Nf3 e5 4. Bc4 h6 5. Bxf7+ Kxf7 6. Nxe5+ dxe5 7. fxe5
Qh4+ 8. g3 Qh3 9. Rf1+ Ke8 10. Qf3 Qe6 11. Nc3 Be7 12. Nd5 Kd8 13. d4 c6 14.
Nf4 Qf7 15. e6 Qf6 16. exd7 Bxd7 17. Bd2 g5 18. Nh5 Qxf3 19. Rxf3 Bg4 20.
Rf1 Bxh5 21. Bc3 Nf6 22. Kd2 Rf8 23. Rae1 Ne4+ 24. Kc1 Nxc3 25. bxc3 Kd7 26.
Rxf8 Rxf8 27. h3 Rf2 28. g4 Bg6 29. Kb2 Rxc2+ 30. Kb3 a5 31. e4 b6 32. Kc4
{Black forfeits on time}
1-0

[Event "ICC Open 2015"]
[Site "Internet Chess Club"]
[Date "2015.05.29"]
[Round "9"]
[White "ILYMJPDL"]
[Black "NAS"]
[Result "1-0"]
[ICCResult "Black resigns"]
[WhiteElo "2005"]
[BlackElo "1772"]
[Opening "Sicilian: closed"]
[ECO "B23"]
[NIC "SI.44"]
[Time "21:05:52"]
[TimeControl "180+0"]

1. e4 c5 2. Nc3 d6 3. f4 Nc6 4. Nf3 e6 5. Bb5 Bd7 6. d4 cxd4 7. Bxc6 bxc6 8.
Nxd4 Be7 9. O-O Nf6 10. Be3 c5 11. Ndb5 Qb6 12. e5 Nd5 13. Nxd5 exd5 14.
Nxd6+ Bxd6 15. exd6 Qxd6 16. Qh5 O-O 17. Rad1 Bc6 18. f5 f6 19. Rf3 d4 20.
Rh3 Qd5 21. Qxh7+ Kf7 22. Qg6+ Ke7 23. Rh7 Rf7 24. Rxg7 Rf8 25. Bf4 Qe4 26.
Bd2 Rxg7 27. Qxg7+ Rf7 28. Qg6 Kf8 29. Re1 Qd5 30. Bh6+ {Black resigns} 1-0

[Event "ICC Open 2015"]
[Site "Internet Chess Club"]
[Date "2015.05.29"]
[Round "9"]
[White "HuevosDeLeon"]
[Black "BehindBluEyes"]
[Result "0-1"]
[ICCResult "White resigns"]
[WhiteElo "2623"]
[BlackElo "2302"]
[Opening "Queen's pawn"]
[ECO "A40"]
[NIC "QO.17"]
[Time "21:06:40"]
[TimeControl "180+0"]

1. d4 e6 2. Nf3 d5 3. Bf4 Nf6 4. e3 c5 5. c3 Nc6 6. Nbd2 cxd4 7. exd4 Bd6 8.
Bxd6 Qxd6 9. Bd3 O-O 10. Qe2 g6 11. Ne5 Nh5 12. g3 f6 13. Bxg6 hxg6 14. Nxg6
Ng7 15. Nxf8 Qxf8 16. f4 Bd7 17. O-O-O Re8 18. Nf3 Qd6 19. Rde1 b5 20. h4 b4
21. h5 bxc3 22. bxc3 Rb8 23. Rh2 Qa3+ {White resigns} 0-1

[Event "ICC Open 2015"]
[Site "Internet Chess Club"]
[Date "2015.05.29"]
[Round "9"]
[White "chabotheking"]
[Black "EREBUNI"]
[Result "1-0"]
[ICCResult "Black resigns"]
[WhiteElo "2504"]
[BlackElo "3050"]
[Opening "Sicilian: closed"]
[ECO "B23"]
[NIC "SI.44"]
[Time "21:06:24"]
[TimeControl "180+0"]

1. e4 c5 2. Nc3 e6 3. f4 d5 4. Nf3 dxe4 5. Nxe4 Be7 6. d4 Nf6 7. Nxc5 Nc6 8.
c3 O-O 9. Nd3 Nd5 10. g3 Qb6 11. Bg2 Bd7 12. O-O f6 13. Kh1 Na5 14. Qe2 Rae8
15. Re1 Qc7 16. Bd2 b5 17. b3 Ba3 18. Nc5 Rf7 19. Qd3 Bxc5 20. dxc5 Qxc5 21.
Nd4 Rff8 22. f5 Nc7 23. fxe6 Nxe6 24. Nxe6 Bxe6 25. b4 Qc4 26. Qd6 Bf7 27.
Rxe8 Rxe8 28. bxa5 Qc8 29. Qc6 Qd8 30. Bf4 Re2 31. Qa8 Qxa8 32. Bxa8 g5 33.
Bd6 Bxa2 34. a6 Bc4 35. Bb7 {Black resigns} 1-0

[Event "ICC Open 2015"]
[Site "Internet Chess Club"]
[Date "2015.05.29"]
[Round "9"]
[White "CapilanoBridge"]
[Black "FedoseevVl95"]
[Result "0-1"]
[ICCResult "White checkmated"]
[WhiteElo "3155"]
[BlackElo "3098"]
[Opening "Nimzovich-Larsen attack: Indian variation"]
[ECO "A01"]
[NIC "VO.08"]
[Time "21:05:20"]
[TimeControl "180+0"]

1. b3 Nf6 2. Bb2 e6 3. Nf3 Be7 4. g3 b6 5. Bg2 Bb7 6. d3 O-O 7. e4 c5 8. O-O
d6 9. Nh4 Nc6 10. f4 Nd7 11. Nf3 Bf6 12. c3 e5 13. f5 Kh8 14. c4 g6 15. Nfd2
Nd4 16. Nc3 Bg5 17. Nd5 Bxd5 18. cxd5 gxf5 19. Bxd4 cxd4 20. exf5 Be3+ 21.
Kh1 Bxd2 22. Qxd2 Nf6 23. Rac1 Ng4 24. Be4 Ne3 25. f6 Rg8 26. Rc6 Rc8 27.
Rfc1 Rxc6 28. dxc6 Qxf6 29. Qe2 d5 30. Qf3 Qe6 31. Bxh7 Kxh7 32. Qh5+ Qh6
33. Qxf7+ Rg7 34. Qf3 Rc7 35. b4 Qg6 36. b5 Rf7 37. Qe2 e4 38. dxe4 Qxe4+
39. Kg1 d3 40. Qd2 Nc4 41. Qg5 d2 42. Qh5+ Kg8 43. Qg5+ Rg7 44. Qd8+ Kh7 45.
Rf1 Qe3+ 46. Kh1 Qe4+ 47. Kg1 Ne3 48. c7 Qg2# {White checkmated} 0-1

[Event "ICC Open 2015"]
[Site "Internet Chess Club"]
[Date "2015.05.29"]
[Round "9"]
[White "playwaycool"]
[Black "Red-white"]
[Result "0-1"]
[ICCResult "White resigns"]
[WhiteElo "2341"]
[BlackElo "3122"]
[Opening "Trompowsky attack (Ruth, Opocenský opening)"]
[ECO "A45"]
[NIC "QP.07"]
[Time "21:05:57"]
[TimeControl "180+0"]

1. d4 Nf6 2. Bg5 c5 3. Bxf6 gxf6 4. d5 f5 5. c3 Bh6 6. e3 f4 7. exf4 Bxf4 8.
g3 Be5 9. Nf3 Bg7 10. Bg2 d6 11. O-O O-O 12. Re1 Bf5 13. Nh4 Bg6 14. Nxg6
hxg6 15. Nd2 Nd7 16. a4 Ne5 17. Nf3 Nxf3+ 18. Bxf3 Bf6 19. Qd2 Kg7 20. Kg2
Rh8 21. h4 a6 22. a5 b5 23. axb6 Qxb6 24. Ra2 a5 25. Qe2 a4 26. Qc4 Qb3 27.
Be2 Rhb8 28. Rea1 Qxc4 29. Bxc4 a3 30. bxa3 Bxc3 31. Rc1 Bd4 32. a4 Ra5 33.
Rcc2 Rb4 34. Bb5 Kf6 35. Re2 e5 36. g4 c4 37. g5+ Kg7 38. Rac2 c3 39. Kg3
Rbxb5 40. axb5 Rxb5 41. Kf3 Rxd5 42. Ke4 Ra5 43. f4 Ra1 44. fxe5 Bxe5 45.
Rf2 Ra4+ 46. Kd5 Rxh4 47. Kc6 Rg4 48. Rg2 Rxg2 49. Rxg2 Bf4 50. Kd5 Bd2
{White resigns}
0-1

[Event "ICC Open 2015"]
[Site "Internet Chess Club"]
[Date "2015.05.29"]
[Round "9"]
[White "El-Flippo"]
[Black "iamGodskid"]
[Result "0-1"]
[ICCResult "White resigns"]
[WhiteElo "1328"]
[BlackElo "1450"]
[Opening "Robatsch defense: Geller's system"]
[ECO "B07"]
[NIC "VO.17"]
[Time "21:06:18"]
[TimeControl "180+0"]

1. e4 d6 2. Nf3 g6 3. d4 Bg7 4. c3 Nf6 5. Nbd2 Bg4 6. h3 Bxf3 7. Qxf3 Nc6 8.
Bd3 e5 9. d5 Ne7 10. O-O Nh5 11. g3 O-O 12. Nc4 f5 13. Bg5 f4 14. g4 Nf6 15.
Bh4 h6 16. g5 Nh5 17. gxh6 Bxh6 18. Kh2 Kh7 19. Rg1 Rg8 20. Rg2 Qe8 21. Rag1
g5 22. Bxg5 Bxg5 23. Rxg5 Rxg5 24. Rxg5 Nf6 25. Qg3 Qf8 26. Qg2 Kh6 27. Nd2
Nh5 28. Be2 f3 29. Bxf3 Qf4+ 30. Kh1 Qxg5 31. Qf1 Qxd2 {White resigns} 0-1

[Event "ICC Open 2015"]
[Site "Internet Chess Club"]
[Date "2015.05.29"]
[Round "9"]
[White "KVR"]
[Black "nmd"]
[Result "0-1"]
[ICCResult "White checkmated"]
[WhiteElo "1374"]
[BlackElo "1715"]
[Opening "Benkö gambit"]
[ECO "A57"]
[NIC "BI.46"]
[Time "21:05:51"]
[TimeControl "180+0"]

1. d4 Nf6 2. c4 c5 3. d5 b5 4. e3 bxc4 5. Bxc4 d6 6. Nc3 g6 7. Nge2 Bg7 8.
O-O O-O 9. f3 Nbd7 10. e4 Ne5 11. Bb3 Ba6 12. f4 Nd3 13. Rf3 Nxc1 14. Rxc1
Rb8 15. f5 Nd7 16. fxg6 hxg6 17. Rg3 c4 18. Bc2 Rxb2 19. Nf4 Ne5 20. a4 Qb6+
21. Kh1 Qf2 22. Nb5 Bh6 23. Nc7 Bxf4 24. Nxa6 Bxg3 25. hxg3 Qxg3 26. Nb8
Rfxb8 27. Qf1 Ng4 28. Bb1 Qh2# {White checkmated} 0-1

[Event "ICC Open 2015"]
[Site "Internet Chess Club"]
[Date "2015.05.29"]
[Round "9"]
[White "Propugnator"]
[Black "Permanent"]
[Result "0-1"]
[ICCResult "White resigns"]
[WhiteElo "1780"]
[BlackElo "2071"]
[Opening "Sicilian defense"]
[ECO "B20"]
[NIC "SI.48"]
[Time "21:05:58"]
[TimeControl "180+0"]

1. e4 c5 2. b3 Nc6 3. Bb2 d6 4. Nc3 Nf6 5. f4 e6 6. Bd3 Be7 7. Nge2 a6 8. a4
Qc7 9. O-O b6 10. Kh1 Bb7 11. f5 O-O-O 12. Bc4 d5 13. Bd3 Ne5 14. exd5 Nxd3
15. cxd3 exd5 16. a5 b5 17. d4 c4 18. bxc4 dxc4 19. d3 b4 20. Na4 c3 21.
Nb6+ Kb8 22. Bc1 Nd5 23. Nxd5 Rxd5 24. Bf4 Bd6 25. Bxd6 Qxd6 26. Qb3 Re8 27.
Nf4 Rxd4 28. Qxf7 Rf8 29. Qe6 Qc6 30. Qxc6 Bxc6 31. Ne6 Rfd8 32. Nxd4 Rxd4
33. Rab1 Bd5 34. Rfc1 Kc7 35. Rxb4 Rxb4 36. Rxc3+ Kd6 37. Rc8 Rb1+
{White resigns}
0-1

[Event "ICC Open 2015"]
[Site "Internet Chess Club"]
[Date "2015.05.29"]
[Round "9"]
[White "blackending"]
[Black "Elico"]
[Result "1-0"]
[ICCResult "Black resigns"]
[WhiteElo "1714"]
[BlackElo "1828"]
[Opening "Sicilian: accelerated fianchetto, modern variation"]
[ECO "B34"]
[NIC "SI.33"]
[Time "21:06:18"]
[TimeControl "180+0"]

1. e4 c5 2. Nf3 g6 3. d4 cxd4 4. Nxd4 Nc6 5. Nc3 Bg7 6. Be3 Nf6 7. Be2 d5 8.
exd5 Nxd5 9. Nxc6 bxc6 10. Nxd5 cxd5 11. c3 O-O 12. O-O Bb7 13. Qd2 e5 14.
Bh6 Re8 15. Bxg7 Kxg7 16. Rad1 Qd6 17. Rfe1 Rad8 18. Bf3 Re7 19. g3 d4 20.
Bxb7 Rxb7 21. cxd4 exd4 22. b3 Rbd7 23. Re4 d3 24. Re3 Qa6 25. a4 h5 26. h4
Rd4 27. Qc3 Rd7 28. Re4 Qf6 29. Rxd4 Qxd4 30. Qxd4+ Rxd4 31. Kg2 Kf6 32. Kf3
Ke5 33. Ke3 Kd5 34. Rxd3 Rxd3+ 35. Kxd3 Kc5 36. Kc3 a5 37. f3 f5 38. f4 Kd5
39. b4 axb4+ 40. Kxb4 Ke4 41. a5 Kf3 42. a6 Kxg3 43. a7 Kxh4 44. a8=Q Kg3
45. Qg8 Kxf4 46. Qxg6 h4 47. Qh6+ Kg4 48. Qg6+ Kf4 49. Qh5 Kg3 50. Qxf5 h3
51. Qf1 h2 52. Qh1 Kh3 53. Kc3 {Black resigns} 1-0

[Event "ICC Open 2015"]
[Site "Internet Chess Club"]
[Date "2015.05.29"]
[Round "9"]
[White "holderlin"]
[Black "chesstempo2"]
[Result "0-1"]
[ICCResult "White forfeits on time"]
[WhiteElo "1656"]
[BlackElo "1984"]
[Opening "French: King's Indian attack"]
[ECO "C00"]
[NIC "FR.02"]
[Time "21:05:18"]
[TimeControl "180+0"]

1. e4 e6 2. d3 d5 3. Nd2 Nf6 4. Ngf3 c5 5. g3 Nc6 6. Bg2 Be7 7. O-O O-O 8.
e5 Nd7 9. Qe2 b6 10. Re1 Bb7 11. h4 h6 12. Nf1 d4 13. N1h2 Nb4 14. a3 Nd5
15. h5 Re8 16. Ng4 Nf8 17. Nd2 Qc7 18. Ne4 Nd7 19. Nef6+ N5xf6 20. exf6 Nxf6
21. Bxb7 Qxb7 22. Ne5 Bd6 23. Bf4 Nd5 24. Ng6 Bxf4 25. Nxf4 Nxf4 26. gxf4
Qd5 27. Qg4 Qf5 28. f3 g6 29. Re5 Qxg4+ 30. fxg4 Kg7 31. Rd5 exd5 32. hxg6
fxg6 33. f5 gxf5 34. Rf1 Kf6 35. Kg2 Re5 36. g5+ hxg5 37. Kf3 g4+ 38. Kf4
Rg8 39. Rh1 Rg6 40. Rh7 Re2 41. Rxa7 Rxc2 42. Kg3 Kg5 {White forfeits on
time} 0-1

[Event "ICC Open 2015"]
[Site "Internet Chess Club"]
[Date "2015.05.29"]
[Round "9"]
[White "Mormegil"]
[Black "franco"]
[Result "1-0"]
[ICCResult "Black checkmated"]
[WhiteElo "1641"]
[BlackElo "1299"]
[Opening "Philidor's defense"]
[ECO "C41"]
[NIC "KP.10"]
[Time "21:06:07"]
[TimeControl "180+0"]

1. e4 e5 2. Nf3 d6 3. Bc4 Be7 4. d4 exd4 5. Nxd4 Nf6 6. Nc3 O-O 7. O-O Bd7
8. h3 Nc6 9. Nf5 Ne5 10. Nxe7+ Qxe7 11. Bb3 Bc6 12. f3 Rfe8 13. Bg5 h6 14.
Bh4 Ng6 15. Bf2 Qe5 16. Ne2 Nf4 17. Nd4 Qg5 18. g4 h5 19. Bg3 Nxh3+ 20. Kg2
hxg4 21. Nxc6 bxc6 22. f4 Qh5 23. Rh1 Qh6 24. e5 dxe5 25. fxe5 Nh5 26. Qxg4
Qd2+ 27. Kxh3 Nxg3 28. Qxg3 g6 29. Qxg6+ Kf8 30. Qxf7# {Black checkmated}
1-0

[Event "ICC Open 2015"]
[Site "Internet Chess Club"]
[Date "2015.05.29"]
[Round "9"]
[White "jonesey"]
[Black "PajoPatak"]
[Result "1-0"]
[ICCResult "Black checkmated"]
[WhiteElo "1928"]
[BlackElo "1604"]
[Opening "English: symmetrical, Botvinnik system"]
[ECO "B20"]
[NIC "EO.30"]
[Time "21:06:19"]
[TimeControl "180+0"]

1. e4 c5 2. c4 g6 3. Nc3 Bg7 4. g3 Nc6 5. Bg2 d6 6. Nge2 Bg4 7. f3 Bd7 8. d3
Nf6 9. Be3 O-O 10. Qd2 Ne8 11. Bh6 Nc7 12. h4 Ne6 13. h5 Bh8 14. Bxf8 Qxf8
15. hxg6 hxg6 16. Nd5 Ned4 17. O-O-O a6 18. Rh2 Bg7 19. Rdh1 e6 20. Nb6 Rd8
21. Qg5 Nxe2+ 22. Kd2 Ncd4 23. Rh7 Bc6 24. Qh4 f5 25. Rh8+ Bxh8 26. Qh7#
{Black checkmated}
1-0

[Event "ICC Open 2015"]
[Site "Internet Chess Club"]
[Date "2015.05.29"]
[Round "9"]
[White "Chaos23"]
[Black "paulohaddad"]
[Result "1-0"]
[ICCResult "Black resigns"]
[WhiteElo "2014"]
[BlackElo "1804"]
[Opening "KGA: bishop's gambit"]
[ECO "C33"]
[NIC "KG.03"]
[Time "21:05:45"]
[TimeControl "180+0"]

1. e4 e5 2. f4 exf4 3. Bc4 g5 4. h4 Bg7 5. Qh5 Qe7 6. d3 h6 7. Nc3 Nf6 8.
Qe2 d6 9. hxg5 hxg5 10. Rxh8+ Bxh8 11. g3 Bg4 12. Qh2 Bg7 13. gxf4 gxf4 14.
Bxf4 Nc6 15. Bg5 Qe5 16. Qh4 Be6 17. Nf3 Qc5 18. Bxf6 Bxf6 19. Qxf6 Ne5 20.
Nxe5 dxe5 21. Bxe6 Qg1+ 22. Qf1 Qg3+ 23. Qf2 Qxf2+ 24. Kxf2 fxe6 25. Rh1 Ke7
26. Rh7+ Kd6 27. Nb5+ Kc5 28. Nxc7 Rf8+ 29. Ke3 Kd6 30. Nb5+ Kc6 31. Nc3 a6
32. Re7 b5 33. Rxe6+ Kd7 34. Rxe5 {Black resigns} 1-0

[Event "ICC Open 2015"]
[Site "Internet Chess Club"]
[Date "2015.05.29"]
[Round "9"]
[White "Oblique"]
[Black "Blondicheck"]
[Result "0-1"]
[ICCResult "White resigns"]
[WhiteElo "1677"]
[BlackElo "1573"]
[Opening "Queen's pawn: Charlick (Englund) gambit"]
[ECO "A40"]
[NIC "QO.17"]
[Time "21:06:15"]
[TimeControl "180+0"]

1. d4 e5 2. dxe5 Nc6 3. Nf3 Qe7 4. e4 Nxe5 5. Nc3 Nxf3+ 6. Qxf3 d6 7. Bc4
Nf6 8. O-O Be6 9. Bb5+ Nd7 10. Nd5 Bxd5 11. exd5 O-O-O 12. Be3 Qf6 13. Bxd7+
Rxd7 14. Qxf6 gxf6 15. Bd4 Be7 16. Rfe1 Rg8 17. Re2 Bd8 18. Rae1 c5 19. Bc3
b5 20. Re8 Rxe8 21. Rxe8 Kc7 22. Ba5+ Kc8 23. Rh8 a6 24. Bxd8 Rxd8 25. Rxh7
Re8 26. g3 Re2 27. Rxf7 Rxc2 28. Rxf6 Rxb2 29. Rxd6 Rxa2 30. Rc6+ Kb7 31.
Rxc5 b4 32. h4 b3 33. Rc1 b2 34. Rf1 Ra1 35. d6 Rxf1+ 36. Kxf1 b1=Q+ 37. Kg2
Qe4+ 38. Kh3 Qf3 39. d7 Kc7 40. h5 Kxd7 41. Kh4 a5 42. g4 Qxf2+ 43. Kg5 a4
44. h6 a3 45. h7 Qf8 46. Kg6 Qh8 47. Kh6 a2 48. g5 a1=Q 49. g6 Qag7+ 50. Kg5
Qhxh7 51. Kf5 Qgxg6+ {White resigns} 0-1

[Event "ICC Open 2015"]
[Site "Internet Chess Club"]
[Date "2015.05.29"]
[Round "9"]
[White "BillietheKid"]
[Black "Svinotigr"]
[Result "0-1"]
[ICCResult "White resigns"]
[WhiteElo "1434"]
[BlackElo "1623"]
[Opening "King's pawn opening"]
[ECO "B07"]
[NIC "VO.17"]
[Time "21:06:02"]
[TimeControl "180+0"]

1. e4 d6 2. d4 Nd7 3. c4 e5 4. Nf3 g6 5. Nc3 Bg7 6. Be3 Ngf6 7. h3 O-O 8.
Qd2 Re8 9. Bh6 c6 10. Bxg7 Kxg7 11. O-O-O h5 12. Ng5 Qe7 13. f3 h4 14. g4
hxg3 15. h4 Nh5 16. Bh3 Qf6 17. Bg4 Qf4 18. Bxh5 gxh5 19. Ne2 Qxd2+ 20. Rxd2
exd4 21. Nxd4 Ne5 22. Rg1 Nxc4 23. Rd3 Ne5 24. Re3 f6 25. Rxg3 fxg5 26.
Rxg5+ Kh6 27. Nf5+ Bxf5 28. Rxf5 Rf8 29. Rg5 Rxf3 30. Re1 Nd3+ {White
resigns} 0-1

[Event "ICC Open 2015"]
[Site "Internet Chess Club"]
[Date "2015.05.29"]
[Round "9"]
[White "chigamaster"]
[Black "Estocolmov"]
[Result "1-0"]
[ICCResult "Black checkmated"]
[WhiteElo "2897"]
[BlackElo "2276"]
[Opening "English: Neo-Catalan declined"]
[ECO "A07"]
[NIC "QP.09"]
[Time "21:08:00"]
[TimeControl "180+0"]

1. Nf3 d5 2. g3 e6 3. Bg2 Nf6 4. O-O Be7 5. c4 c6 6. d4 Ne4 7. b3 O-O 8. Bb2
f5 9. Nc3 Nd7 10. e3 Bf6 11. a4 a5 12. Rc1 b6 13. Ba3 c5 14. cxd5 Nxc3 15.
Rxc3 exd5 16. dxc5 Bxc3 17. Qxd5+ Kh8 18. Qxa8 Nxc5 19. Rc1 Bb4 20. Bb2 Nxb3
21. Qa7 Nc5 22. Qxg7# {Black checkmated} 1-0

[Event "ICC Open 2015"]
[Site "Internet Chess Club"]
[Date "2015.05.29"]
[Round "9"]
[White "Darnoc"]
[Black "isodung"]
[Result "0-1"]
[ICCResult "White resigns"]
[WhiteElo "3000"]
[BlackElo "2751"]
[Opening "QGD: Tarrasch defense"]
[ECO "D32"]
[NIC "TD.11"]
[Time "21:05:49"]
[TimeControl "180+0"]

1. d4 e6 2. c4 d5 3. Nc3 c5 4. cxd5 exd5 5. Nf3 Nc6 6. Bg5 Be7 7. Bxe7 Ngxe7
8. e3 cxd4 9. Nxd4 O-O 10. Be2 Be6 11. Bf3 Qb6 12. Na4 Qb4+ 13. Kf1 Nxd4 14.
Qxd4 Qxd4 15. exd4 Rfc8 16. Ke1 Rc4 17. Nc5 Rxd4 18. Rd1 Rxd1+ 19. Kxd1 b6
20. Nxe6 fxe6 21. Re1 Kf7 22. Bg4 Nf5 23. Bxf5 exf5 24. Re5 Kf6 25. Rxd5 Ke6
26. Rd3 Rc8 27. Kd2 Rc7 28. Re3+ Kd6 29. Re8 Rd7 30. Rg8 Ke5+ 31. Ke2 g6 32.
h4 Rc7 33. Kd3 Kf4 34. Rd8 Kg4 35. Rd4+ f4 36. g3 Rf7 37. Ke2 h6 38. a4 g5
39. hxg5 hxg5 40. b3 Re7+ 41. Kf1 Kf3 42. gxf4 gxf4 43. Rd3+ Ke4 44. Rd8 Rc7
45. Kg2 f3+ 46. Kh3 Rc3 47. Re8+ Kf4 48. Rf8+ Ke4 49. Rf7 a5 50. b4 axb4 51.
Rf6 b3 52. Rxb6 Kd3 53. Kg3 Kc2 54. a5 b2 55. a6 b1=Q 56. Rxb1 Kxb1 57. a7
Ra3 58. a8=Q Rxa8 59. Kxf3 Kc2 60. Ke4 Re8+ 61. Kd4 Rf8 62. Ke3 Kc3 63. f4
Re8+ 64. Kf3 Kd4 65. Kg4 Kd5 66. Kg5 Ke6 67. Kg6 Rg8+ 68. Kh7 Rg4
{White resigns}
0-1

[Event "ICC Open 2015"]
[Site "Internet Chess Club"]
[Date "2015.05.29"]
[Round "9"]
[White "Sjelan"]
[Black "Much-Acclaimed"]
[Result "1-0"]
[ICCResult "Black forfeits on time"]
[WhiteElo "2197"]
[BlackElo "1947"]
[Opening "Queen's Indian: 4.Nc3"]
[ECO "E12"]
[NIC "NI.26"]
[Time "21:05:34"]
[TimeControl "180+0"]

1. d4 Nf6 2. Nf3 e6 3. c4 b6 4. Nc3 Bb4 5. Qb3 a5 6. a3 Bxc3+ 7. Qxc3 Bb7 8.
e3 d6 9. Be2 Nbd7 10. b4 Ne4 11. Qb2 f5 12. Bd2 O-O 13. bxa5 Nxd2 14. Nxd2
Rxa5 15. Bf3 Bxf3 16. Nxf3 e5 17. dxe5 Nxe5 18. Nxe5 Rxe5 19. O-O f4 20.
exf4 Rxf4 21. Rae1 Rfe4 22. Rxe4 Rxe4 23. Qb5 Qe7 24. Qd5+ Kh8 25. g3 h6 26.
a4 Qe8 27. Ra1 Qe7 28. a5 bxa5 29. Rxa5 Re1+ 30. Kg2 Qe4+ 31. Qxe4 Rxe4 32.
c5 Re5 33. Ra8+ Kh7 34. cxd6 cxd6 35. Rd8 Rd5 36. h4 Kg6 37. g4 Kf6 38. Kg3
Ke5 39. h5 Rd3+ 40. f3 Kf6 41. Rd7 d5 42. Rd6+ Ke5 43. Rg6 d4 44. Rxg7 Re3
45. Re7+ Kd5 46. Rxe3 dxe3 47. Kg2 Kd4 48. Kf1 Kd3 49. Ke1 e2 50. g5 hxg5
51. h6 Ke3 52. h7 Kxf3 53. h8=Q g4 54. Qh1+ Kf4 55. Kxe2
{Black forfeits on time}
1-0

[Event "ICC Open 2015"]
[Site "Internet Chess Club"]
[Date "2015.05.29"]
[Round "9"]
[White "weezil"]
[Black "ehkopean"]
[Result "0-1"]
[ICCResult "White forfeits on time"]
[WhiteElo "1929"]
[BlackElo "1718"]
[Opening "Trompowsky attack (Ruth, Opocenský opening)"]
[ECO "A45"]
[NIC "QP.07"]
[Time "21:05:20"]
[TimeControl "180+0"]

1. d4 Nf6 2. Bg5 e6 3. e3 Be7 4. Bd3 c5 5. c3 d5 6. Nd2 c4 7. Bc2 b5 8. a3
Nbd7 9. f4 a5 10. Ngf3 Bb7 11. O-O b4 12. axb4 axb4 13. cxb4 Rxa1 14. Qxa1
Bxb4 15. Qa7 Qb6 16. Qxb6 Nxb6 17. Bxf6 gxf6 18. Ra1 Kd7 19. Kf2 h6 20. Ra7
Kc7 21. Nb1 Ra8 22. Rxa8 Bxa8 23. Nc3 Bxc3 24. bxc3 Bc6 25. Ke2 Kd7 26. g4
Ke7 27. h4 Na4 28. Kd2 Nb6 29. f5 Nd7 30. g5 fxg5 31. hxg5 hxg5 32. Nxg5 Kf6
33. Nh7+ Kg7 34. fxe6 fxe6 35. Ng5 Kf6 36. Nh7+ Kg7 37. Ke2 Nf8 38. Ng5 Kf6
39. Nh3 Ng6 40. Kf3 Nh4+ 41. Kg4 Ng2 42. Bh7 Nxe3+ 43. Kf3 Nf5 44. Nf4 Nh4+
45. Kg4 Nf5 46. Nxe6 Ne3+ 47. Kf3 Kxe6 48. Kxe3 Kd6 49. Kf4 Bb7 50. Kf5 Bc6
51. Kf6 Bd7 52. Bf5 Bc6 53. Kf7 Bb7 54. Ke8 Bc6+ 55. Kd8 Ba4 56. Kc8 Bc6 57.
Kb8 Be8 58. Ka7 Bf7 59. Kb6 Be8 60. Bc2 Bc6 61. Bg6 Bd7 62. Bf7 Bg4 63. Be8
Bf3 {White forfeits on time} 0-1